 Dungeon Crawl Stone Soup version 0.30-a0-168-g0b976cbdc4 (webtiles) character file.

Game seed: 15783076427273868487

80 qw the Chopper (level 4, 0/28 HPs)
             Began as a Gargoyle Fighter on Sept 29, 2022.
             Slain by a gnoll bouda
             ... wielding a +0 whip
              (9 damage)
             ... on level 3 of the Dungeon.
             The game lasted 00:00:35 (1728 turns).

qw the Chopper (Gargoyle Fighter)                   Turns: 1728, Time: 00:00:36

Health: 0/28       AC: 10    Str: 22    XL:     4   Next: 39%
Magic:  4/4        EV:  9    Int:  8    God:
Gold:   74         SH:  4    Dex:  9    Spells: 3/3 levels left

rFire   . . .      SeeInvis .    Y - +0 war axe
rCold   . . .      Faith    .    c - +0 buckler
rNeg    + . .      Spirit   .    b - +0 scale mail
rPois   inf        Reflect  .    (no helmet)
rElec   +          Harm     .    (no cloak)
rCorr   .          Rampage  .    (no gloves)
Will    .....                    (no boots)
Stlth   ..........               (no amulet)
HPRegen 0.09/turn                (no ring)
MPRegen 0.09/turn                (no ring)

@: weak-willed
A: sickness immunity, AC +3, negative energy resistance 1, electricity
resistance, torment resistance 1, petrification resistance
a: no special abilities


You were on level 3 of the Dungeon.
You visited 1 branch of the dungeon, and saw 3 of its levels.

You collected 74 gold pieces.


Innate Abilities, Weirdness & Mutations

You are immune to sickness and miasma.
Your stone body is resilient. (AC +3)
You are immune to poison.
You resist negative energy. (rN+)
You are resistant to electric shocks. (rElec)
You are resistant to unholy torment.
You are immune to petrification.


   Skills:
 - Level 3.2 Fighting
 + Level 4.1 Axes
 - Level 3.2 Armour
 - Level 3.2 Shields


You had 3 spell levels left.
You didn't know any spells.
Your spell library was empty.

Inventory:

Hand Weapons
 f - a +0 mace of protection
 Y - a +0 war axe (weapon)
Armour
 b - a +0 scale mail (worn)
 c - a +0 buckler (worn)
Potions
 d - a potion of might
 e - a potion of brilliance {unknown}
 i - a potion of curing {unknown}

Dungeon Overview and Level Annotations

Branches:
Dungeon (3/15)

Altars:
Dithmenos


Message History

1698 ||| READING scroll labelled FAOKORGH SATHI.
As you read the scroll labelled FAOKORGH SATHI, it crumbles to dust.
Magic quickly surges around you.
It was a scroll of vulnerability.
Done exploring.
(D) Dungeon
Where to? (* - list waypoints, Enter - D:2, ? - help)
What level of the Dungeon? (default 1, ? - help)
You see here a +1 dagger of speed.
There is a stone staircase leading down here.
You climb downwards.
The gnoll bouda shouts!
The gnoll shouts! x2; The kobold shouts!
Found 3 lumpy inky potions, a scroll of identify and a book of Beasts.
Found a stone staircase leading down.
There is a stone staircase leading up here.
There are monsters nearby!
Existing waypoints: (1) D:2 (2) D:1 Assign waypoint to what number? (0-9, D - delete waypoint) Waypoint 2 re-assigned from D:1 to D:3.
Enter note: The gnoll bouda barks out a call to the hunt!
The gnolls pick up the pace!
The gnoll barely misses you.
You barely miss the gnoll. The gnoll hits you with a +0 halberd!
You barely miss the gnoll. You slash the gnoll! You hit the gnoll.
You hit the kobold.
You kill the kobold!
The gnoll hits you but does no damage. x2; The gnoll completely misses you.
You slash the gnoll!
You kill the gnoll!
You closely miss the gnoll. You hit the gnoll. You block the gnoll's attack.
The gnoll hits you with a +0 halberd!
The gnoll bouda hits you but does no damage.
You hit the gnoll.
The gnoll is heavily wounded.
You slash the gnoll! You closely miss the gnoll bouda.
The gnoll hits you with a +0 flail. The gnoll barely misses you.
The gnoll bouda hits you with a +0 whip!
You die...

#...............
................
....:...........
.......?........
................
................
#.......<#.....
................
......g@....>...
.......gg!#.....
..........##....
..........# ####
..........#
..........#
###.......#
##.......


You could see a gnoll bouda and 2 gnolls.

Vanquished Creatures
  A gnoll (D:3)
  2 adders (D:2)
  4 worms (D:2)
  A dart slug (D:2)
  2 bats
  An endoplasm (D:1)
  A giant cockroach (D:1)
  2 goblins (D:1)
  9 hobgoblins
  3 quokkas
  3 frilled lizards
  6 kobolds
  2 rats (D:1)
37 creatures vanquished.

Notes
Turn   | Place    | Note
-------+----------+-------------------------------------------
     0 | D:1      | qw the Gargoyle Fighter began the quest for the Orb.
     0 | D:1      | Reached XP level 1. HP: 14/14 MP: 1/1
     0 | D:1      | 0 ||| qw: Version: 0.2-a-12-gaebbb33
     0 | D:1      | 0 ||| qw: Game counter: 1157
     0 | D:1      | 0 ||| qw: Always use a shield: true
     0 | D:1      | 0 ||| qw: God list: Okawaru
     0 | D:1      | 0 ||| qw: Allow faded altars: false
     0 | D:1      | 0 ||| qw: Do Orc after D:15 true
     0 | D:1      | 0 ||| qw: Do second Lair branch before Depths: true
     0 | D:1      | 0 ||| qw: Lair rune preference: random
     0 | D:1      | 0 ||| qw: Plans: Normal, Zot:1-4, God:TSO, Crypt, Tomb,
                  | Pan, Slime:5, Hells, Abyss, Orb
     0 | D:1      | 0 ||| PLANNING D:1-11
    12 | D:1      | 12 ||| Stepping ~*~*~tactically~*~*~ (stealth).
    30 | D:1      | Reached skill level 2 in Axes
   205 | D:1      | Reached XP level 2. HP: 19/19 MP: 2/2
   609 | D:1      | Reached skill level 3 in Axes
   954 | D:1      | 954 ||| READING scroll labelled MAEZEIRCHO.
   970 | D:2      | 970 ||| STAIRDANCE
   973 | D:1      | Reached XP level 3. HP: 23/23 MP: 3/3
   975 | D:2      | 975 ||| STAIRDANCE
  1062 | D:2      | 1062 ||| Stepping ~*~*~tactically~*~*~ (stealth).
  1085 | D:2      | 1085 ||| Stepping ~*~*~tactically~*~*~ (hiding).
  1492 | D:2      | Reached XP level 4. HP: 28/28 MP: 4/4
  1514 | D:2      | 1514 ||| Stepping ~*~*~tactically~*~*~ (stealth).
  1537 | D:2      | Reached skill level 4 in Axes
  1652 | D:2      | Found a shadowy altar of Dithmenos.
  1693 | D:2      | 1693 ||| READING scroll labelled MONTAC XISS.
  1694 | D:2      | 1694 ||| READING scroll labelled NAT AWOSMOTZ.
  1698 | D:2      | 1698 ||| READING scroll labelled FAOKORGH SATHI.
  1728 | D:3      | Slain by a gnoll bouda

Levels and vault maps discovered:
D:1:      giann_forest_graveyard, layout_basic
D:2:      layout_rooms, basic_altar
D:3:      layout_rooms, gammafunk_temple_of_torment, grunt_decor_one_mirror,
          uniq_terence

Skill      XL: |  1  2  3  4 |
---------------+-------------+-----
Axes           | 2 3 4 |  4.1
Fighting       | |  3.2
Armour         | |  3.2
Shields        | |  3.2

Action                   |  1- 3 |  4- 6 || total
-------------------------+-------+-------++-------
Melee: War axe           |    97 |    23 ||   120
Throw: Boomerang         |    14 |       ||    14
  Use: Scroll            |     1 |     3 ||     4
Armor: Scale mail        |    44 |    12 ||    56
Dodge: Dodged            |    39 |    13 ||    52
Block: Buckler           |    14 |     3 ||    17

Table legend:
 A = Non-vault XP
 B = Vault XP
 C = Vault XP percentage of total XP
 D = Non-vault monster count
 E = Vault monster count
 F = Vault count percentage of total count
                 A         B        C        D         E       F
            +---------+---------+-------+---------+---------+-------
      Total |     115 |       0 |   0.0 |      37 |       0 |   0.0
            +---------+---------+-------+---------+---------+-------
        D:1 |      37 |       0 |   0.0 |      21 |       0 |   0.0
        D:2 |      62 |       0 |   0.0 |      14 |       0 |   0.0
        D:3 |      16 |       0 |   0.0 |       2 |       0 |   0.0
            +---------+---------+-------+---------+---------+-------
